 Dungeon Crawl Stone Soup version 0.19.5 (webtiles) character file.

121 RaHiT the Magician (level 4, -1/30 HPs)
             Began as a Mummy Conjurer on Apr 12, 2017.
             Killed from afar by Sigmund (13 damage)
             ... with a puff of flame
             ... on level 2 of the Dungeon.
             The game lasted 00:08:33 (1558 turns).

RaHiT the Magician (Mummy Conjurer)                 Turns: 1558, Time: 00:08:33

Health: -1/30      AC:  3    Str: 11    XL:     4   Next: 77%
Magic:  5/10       EV: 12    Int: 15    God:
Gold:   51         SH:  0    Dex: 12    Spells: 3 memorised, 5 levels left

rFire  x . .     SeeInvis .     (no weapon)
rCold  + . .     Gourm    .     a - +0 robe
rNeg   + + +     Faith    .     (no shield)
rPois  ∞         Spirit   .     (no helmet)
rElec  .         Reflect  .     d - +0 cloak
rCorr  .         Harm     .     (no gloves)
MR     .....                    (no boots)
Stlth  +.........               g - amulet of magic regeneration
                                (no ring)
                                (no ring)

@: confused
A: no food or potions, fire vulnerability, cold resistance 1, negative energy
resistance 3, torment resistance, unbreathing
a: no special abilities


You were on level 2 of the Dungeon.
You were not hungry.

You visited 1 branch of the dungeon, and saw 2 of its levels.

You collected 51 gold pieces.

Inventory:

Missiles
 c - 14 sling bullets
 j - 8 javelins (quivered)
 m - 2 throwing nets
Armour
 a - a +0 robe (worn)
 d - a +0 cloak (worn)
Jewellery
 g - an amulet of magic regeneration (around neck)
Wands
 k - a wand of lightning (6/15)
Scrolls
 e - a scroll of fear {unknown}
 f - a scroll of enchant armour {unknown}
 h - 2 scrolls of amnesia {unknown}
 i - a scroll of remove curse {unknown}
 l - 2 scrolls of identify {unknown}
Books
 b - a book of Conjurations

   Spells                             Type                      Level
   a - Magic Dart                     Conjuration                  1
   b - Searing Ray                    Conjuration                  2
   c - Dazzling Spray                 Conjuration/Hexes            3
   d - Fulminant Prism                Conjuration/Hexes            4
   e - Iskenderun's Mystic Blast      Conjuration                  4
   f - Iskenderun's Battlesphere      Conjuration/Charms           5


   Skills:
 - Level 1.5 Dodging
 - Level 1.5 Stealth
 + Level 4.6 Spellcasting
 - Level 3.2 Conjurations


You had 5 spell levels left.
You knew the following spells:

 Your Spells              Type           Power        Failure   Level  Hunger
a - Magic Dart            Conj           ##..         6%          1    N/A
b - Iskenderun's Mystic   Conj           ##......     54%         4    N/A
q - Searing Ray           Conj           ##....       10%         2    N/A

Dungeon Overview and Level Annotations

Branches:
Dungeon (2/15)

Altars:

Annotations:
D:2 Sigmund


Innate Abilities, Weirdness & Mutations

You do not eat or drink.
Your flesh is vulnerable to fire.
You are immune to poison.
Your flesh is cold resistant. (rC+)
You are immune to negative energy. (rN+++)
You are immune to unholy pain and torment.
You can survive without breathing.


Message History

Sigmund is severely wounded.
The searing ray misses Sigmund.
You finish channeling your searing ray.
Sigmund hits you from afar with a scythe of protection!
Casting: Searing Ray
Confirm with . or Enter, or press ? or * to list all spells.
You don't have enough magic to cast that spell.
Unknown command.
Sigmund screams, "I am the angel of ZOT!!!"
Sigmund casts a spell.
Sigmund flickers and vanishes!
Deactivating autopickup; reactivate with Ctrl-A.
A magic dart appears from out of thin air!
The magic dart hits you!
Something tries to affect you, but you resist.
You see here a chain mail.
You are confused.
You bump into the rock wall.
A puff of flame appears from out of thin air!
The puff of flame hits you! The fire burns you terribly!
You die...

@...... ##.....###...#....# .#
#..#.............!# ##
#...........##.####
##..#.###..####.####
#.....###..##...##..
##############..#####...##.####..
..........#.....#(.......#.# #..
#########......[...........####..
###....(@.##.............
####..###.####)....#..###..
##....## #.# #.....##......
##.....## #.# #.....#####...
#.....†.###.# #)##.## ##..
#.......##..# #)#### ###
#.......##### #.# # ##.....## #)#
##### ##.....## ####.# #####...†


There were no monsters in sight!

Vanquished Creatures
  3 gnolls (D:2)
  2 adders (D:2)
  2 oozes
  A worm (D:2)
  2 dart slugs (D:1)
  2 leopard geckos
  3 giant cockroaches
  10 goblins
  4 hobgoblins (D:1)
  3 jackals (D:2)
  9 kobolds
  A quokka (D:2)
  6 bats
  5 frilled lizards
  4 rats
57 creatures vanquished.

Notes
Turn   | Place    | Note
-------+----------+-------------------------------------------
     0 | D:1      | RaHiT the Mummy Conjurer began the quest for the Orb.
     0 | D:1      | Reached XP level 1. HP: 13/13 MP: 3/3
   284 | D:1      | Reached XP level 2. HP: 16/19 MP: 1/5
   289 | D:1      | Learned a level 2 spell: Searing Ray
   471 | D:1      | Reached skill level 3 in Spellcasting
   672 | D:1      | Reached XP level 3. HP: 24/24 MP: 4/7
  1143 | D:2      | Reached skill level 4 in Spellcasting
  1143 | D:2      | Reached XP level 4. HP: 30/30 MP: 5/10
  1149 | D:2      | Learned a level 4 spell: Iskenderun's Mystic Blast
  1490 | D:2      | Noticed Sigmund
  1558 | D:2      | Killed from afar by Sigmund

Skill      XL: |  1  2  3 |
---------------+----------+-----
Spellcasting   | 3 4 |  4.6
Dodging        | |  1.5
Stealth        | |  1.5
Conjurations   | |  3.2

Action                   |  1- 3 |  4- 6 || total
-------------------------+-------+-------++-------
Melee: Unarmed           |     6 |       ||     6
Throw: Javelin           |     3 |       ||     3
 Cast: Magic Dart        |    56 |    15 ||    71
       Searing Ray       |    10 |    11 ||    21
 Stab: Sleeping          |     1 |       ||     1
Armor: Robe              |     6 |     1 ||     7
Dodge: Dodged            |    12 |     9 ||    21
